 Dungeon Crawl Stone Soup version 0.29-a0-275-g389c0b56f3 (webtiles) character file.

Game seed: 15272049165795614566

56 Anunax the Scratcher (level 3, -1/17 HPs)
             Began as a Felid Cinder Acolyte on Mar 10, 2022.
             Was an Initiate of Ignis.
             Slain by a gnoll
             ... wielding a +0 whip
              (6 damage)
             ... on level 2 of the Dungeon.
             The game lasted 00:04:43 (1728 turns).

Anunax the Scratcher (Felid Cinder Acolyte)         Turns: 1728, Time: 00:04:43

Health: -1/17      AC:  1    Str: 10    XL:     3   Next: 69%
Magic:  0/5        EV: 15    Int: 17    God:    Ignis [......]
Gold:   34         SH:  0    Dex: 11    Spells: 2/4 levels left
                                        Lives:  0   Deaths: 0

rFire   + . .      SeeInvis +     - Unarmed
rCold   . . .      Faith    .   (shield unavailable)
rNeg    . . .      Spirit   .   (body armour unavailable)
rPois   .          Reflect  .   (helmet unavailable)
rElec   .          Harm     .   (cloak unavailable)
rCorr   .          Rampage  .   (gloves unavailable)
Will    .....                   (boots unavailable)
Stlth   +.........              (no amulet)
HPRegen 0.05/turn               (no ring)
MPRegen 0.09/turn               (no ring)

@: quick
A: very small, claws 1, fangs 3, see invisible, speed 1, shaggy fur 1, stealthy
paws, no weapons or thrown items, no armour, multi-lived
a: Renounce Religion, Rising Flame


You were on level 2 of the Dungeon.
You worshipped Ignis.
Ignis was noncommittal.
You visited 1 branch of the dungeon, and saw 2 of its levels.

You collected 34 gold pieces.

Inventory:

Scrolls
 a - a scroll of teleportation {unknown}
 c - 2 scrolls of identify {unknown}
 e - a scroll of torment {unknown}
Potions
 b - a potion of attraction {unknown}
 d - a potion of lignification {unknown}


   Skills:
 + Level 3.5 Fighting
 + Level 0.5 Dodging
 + Level 0.2 Stealth
 + Level 3.8 Unarmed Combat
 + Level 1.0 Spellcasting
 + Level 3.1 Fire Magic


You had 2 spell levels left.
You knew the following spells:

 Your Spells              Type           Power      Damage    Failure   Level
a - Scorch                Fire           22%        2d6       9%          2

Your spell library contained the following spells:

 Spells                   Type           Power      Damage    Failure   Level


Dungeon Overview and Level Annotations

Branches:
Dungeon (2/15)

Altars:

Annotations:
D:2 Jessica


Innate Abilities, Weirdness & Mutations

You have sharp claws.
You have razor-sharp teeth.
You have supernaturally acute eyesight. (SInv)
You cover ground quickly. (Speed+)
You are covered in fur. (AC +1)
Your paws help you pounce on unaware monsters.
You are incapable of wielding weapons or throwing items.
You cannot wear armour.
You gain extra lives every three experience levels.


Message History

a +0 whip; a gnoll corpse You start resting.
A gnoll is nearby!
You start resting.
A gnoll is nearby!
Casting: Scorch (safe; 9% risk of failure)
Confirm with . or Enter, or press ? or * to list all spells.
You miscast Scorch.
You are very lightly contaminated with residual magic.
Nothing appears to happen.
Unknown command.
Casting: Scorch (safe; 9% risk of failure)
Confirm with . or Enter, or press ? or * to list all spells.
You don't have enough magic to cast this spell.
The gnoll shouts!
Casting: Scorch (safe; 9% risk of failure)
Confirm with . or Enter, or press ? or * to list all spells.
Flames lash the gnoll.
The gnoll is heavily wounded.
The gnoll's fire resistance burns away.
You closely miss the gnoll.
The gnoll is heavily wounded.
The gnoll barely misses you.
You barely miss the gnoll.
The gnoll is heavily wounded.
The gnoll hits you with a +0 flail.
You barely miss the gnoll.
The gnoll is heavily wounded.
The gnoll closely misses you.
You closely miss the gnoll.
The gnoll is heavily wounded.
The gnoll is no longer more vulnerable to fire.
The gnoll barely misses you. The gnoll hits you with a +0 flail!
Ouch! That really hurt!
* * * LOW HITPOINT WARNING * * *
Your magical contamination has completely faded away.
You scratch the gnoll. You bite the gnoll, but do no damage.
The gnoll is heavily wounded.
The gnoll hits you with a +0 whip.
You die...

##################
#.................
#.......g.........
#.################
#.# ##### #g#
#.... #@# #.###
#g# #.# #.# #.#
#)# #.#
#.############.#
#.##........##.#
#.##.....†..##.###
#>.......†..'.....
####........##.###


You could see 2 gnolls.

Vanquished Creatures
  2 gnolls (D:2)
  An adder (D:2)
  A worm (D:2)
  An endoplasm (D:1)
  A giant cockroach (D:2)
  4 goblins
  A hobgoblin (D:1)
  3 kobolds (D:1)
  3 quokkas
  2 ball pythons (D:1)
  3 bats
  A frilled lizard (D:2)
  3 rats (D:1)
26 creatures vanquished.

Vanquished Creatures (others)
  90 foxfires
90 creatures vanquished.

Grand Total: 116 creatures vanquished

Notes
Turn   | Place    | Note
-------+----------+-------------------------------------------
     0 | D:1      | Anunax the Felid Cinder Acolyte began the quest for the
                  | Orb.
     0 | D:1      | Reached XP level 1. HP: 10/10 MP: 3/3
    29 | D:1      | Found a faded altar of an unknown god.
   870 | D:1      | Reached XP level 2. HP: 14/14 MP: 4/4
  1504 | D:2      | Reached XP level 3. HP: 17/17 MP: 5/5
  1510 | D:2      | Learned a level 2 spell: Scorch
  1601 | D:2      | Noticed Jessica
  1728 | D:2      | Slain by a gnoll

Illustrated notes

Levels and vault maps discovered:
D:1:      dpeg_arrival_simpleton_b, layout_loops_corners,
          ebering_ecumenical_altar_abandoned
D:2:      layout_basic, serial_shops, shop, minmay_statues_item, uniq_jessica

Skill      XL: |  1  2 |
---------------+-------+-----
Fire Magic     | 3 |  3.1
Fighting       | |  3.5
Dodging        | |  0.5
Stealth        | |  0.2
Unarmed Combat | |  3.8
Spellcasting   | |  1.0

Action                   || total
-------------------------++-------
Melee: Unarmed           ||    33
       Bite              ||     2
 Cast: Scorch            ||     8
Invok: Foxfire Swarm     ||     8
Armor: Skin              ||     8
Dodge: Dodged            ||    36

Table legend: (Time is in decaauts)
 A = Elapsed time spent in this place.
 B = Non-inter-level travel time spent in this place.
 C = Inter-level travel time spent in this place.
 D = Time resting spent in this place.
 E = Time spent auto-exploring this place.
 F = Levels seen in this place.
 G = Mean time per level.
                   A        B        C        D        E       F      G
               +--------+--------+--------+--------+--------+-----+--------+
         Total |   1497 |   1448 |     49 |    450 |    703 |   2 |  748.5 |
       Dungeon |   1497 |   1448 |     49 |    450 |    703 |   2 |  748.5 |
               +--------+--------+--------+--------+--------+-----+--------+

Top non-repeatable levels by time:
     D:1: 1214 daAuts
     D:2: 283 daAuts
